 Dungeon Crawl Stone Soup version 0.29.1-14-g9c671dbff4 (webtiles) character file.

Game seed: 9278923452451425930

455 Heoruswealwe the Caller (level 6, -8/33 HPs)
             Began as a Deep Elf Summoner on Feb 13, 2023.
             Killed by divine providence
             ... invoked by an orc priest
              (12 damage)
             ... on level 4 of the Dungeon.
             The game lasted 01:04:15 (4883 turns).

Heoruswealwe the Caller (Deep Elf Summoner)         Turns: 4883, Time: 01:04:15

Health: -8/33      AC:  3    Str:  9 (10) XL:     6   Next: 76%
Magic:  13/14      EV: 12    Int: 25 (26) God:
Gold:   299        SH:  0    Dex: 13 (14) Spells: 9/13 levels left

rFire   . . .      SeeInvis .   e - +0 sling
rCold   . . .      Faith    .   (no shield)
rNeg    . . .      Spirit   .   D - +0 robe
rPois   .          Reflect  .   (helmet restricted)
rElec   .          Harm     .   (no cloak)
rCorr   .          Rampage  .   h - +0 pair of gloves
Will    .....                   (no boots)
Stlth   ++........              (no amulet)
HPRegen 0.11/turn               G - +6 ring of strength
MPRegen 0.14/turn               l - ring of wizardry

@: unable to drink
A: horns 1, clever 1, inability to drink after injury 1
a: no special abilities


You were on level 4 of the Dungeon.
You visited 1 branch of the dungeon, and saw 4 of its levels.

You collected 299 gold pieces.

Inventory:

Hand Weapons
 c - a +0 club
 d - a +0 club
 e - a +0 sling (weapon)
 f - a +0 short sword
 i - a +0 club
 k - a +0 club
 m - a +0 dagger
 o - a +0 whip
 q - a +0 mace
 t - a +0 flail
 u - a +0 hand axe
Missiles
 a - 16 stones
Armour
 h - a +0 pair of gloves (worn)
 s - a +0 tower shield
 D - a +0 robe (worn)
Magical Staves
 n - a staff of air
Jewellery
 l - a ring of wizardry (right hand)
 G - a +6 ring of strength (left hand)
Scrolls
 g - a scroll of torment
 r - a scroll of amnesia
 v - a scroll of blinking {unknown}
 w - a scroll of brand weapon
 x - a scroll of summoning
 y - a scroll of noise
 F - 2 scrolls of teleportation
Potions
 b - a potion of magic
 j - a potion of haste
 p - a potion of ambrosia {unknown}
 z - a potion of curing
 C - a potion of degeneration


   Skills:
 + Level 0.8 Fighting
 + Level 1.4 Ranged Weapons
 + Level 3.0 Dodging
 + Level 3.1 Stealth
 * Level 4.0 Spellcasting
 + Level 1.6 Conjurations
 + Level 1.7 Hexes
 * Level 5.1 Summonings
 + Level 1.1 Necromancy
 + Level 1.1 Translocations
 + Level 1.1 Transmutations
 + Level 1.3 Fire Magic
 + Level 1.3 Ice Magic
 + Level 1.1 Air Magic
 + Level 1.4 Earth Magic
 + Level 1.6 Poison Magic
 + Level 1.4 Invocations
 + Level 1.4 Evocations


You had 9 spell levels left.
You knew the following spells:

 Your Spells              Type           Power      Damage    Failure   Level
a - Summon Small Mammal   Summ           100%       N/A       1%          1
b - Call Canine Familiar  Summ           30%        N/A       1%          3

Your spell library contained the following spells:

 Spells                   Type           Power      Damage    Failure   Level
 Call Imp                 Summ           30%        N/A       1%          2
 Necrotise                Necr           40%        1d6       2%          1
 Summon Guardian Golem    Hex/Summ       22%        N/A       2%          3
 Portal Projectile        Hex/Tloc       24%        N/A       6%          3
 Stone Arrow              Conj/Erth      24%        3d8       6%          3
 Vampiric Draining        Necr           10%        2d6       7%          3
 Animate Armour           Summ/Erth      42%        N/A       10%         4
 Summon Lightning Spire   Summ/Air       20%        N/A       10%         4
 Cause Fear               Hex            6%         N/A       17%         4
 Leda's Liquefaction      Hex/Erth       6%         N/A       19%         4
 Anguish                  Hex/Necr       6%         N/A       21%         4
 Animate Dead             Necr           10%        N/A       22%         4
 Dragon Form              Tmut           5%         N/A       100%        7
 Lehudib's Crystal Spear  Conj/Erth      6%         10d3      100%        8
 Dragon's Call            Summ           15%        N/A       100%        9


Dungeon Overview and Level Annotations

Branches:
Dungeon (4/15)
 Temple: D:4-7

Altars:
Kikubaaqudgha
Ru
Wu Jian
Xom


Innate Abilities, Weirdness & Mutations

You have a pair of small horns on your head.
Your mind is acute. (Int +4, Str/Dex -1)
You occasionally lose the ability to drink potions when taking damage.


Message History

You hear a shout!
You swap places.
An orc comes into view. It is wielding a +0 dagger of venom.
You hear a shout!
Your wolf bites the orc!
The orc dies!
An orc comes into view.
It is wielding a +0 mace of venom and quivering poisoned darts.
The orc priest drinks a potion.
The orc priest suddenly seems more resistant.
The orc moves out of view.
An orc wizard comes into view. It is wielding a +0 dagger.
The orc wizard shouts!
You hear a shout!
You hear an angry hiss.
Fire: e) +0 sling
Press: ? - help, Q - select action, (/) - cycle Shift-Dir - straight line, f - orc, p - wolf
Aim: an orc, wielding a +0 flail and wearing a +0 chain mail (61% to hit)
You shoot a sling bullet.
The sling bullet closely misses the orc.
The sling bullet barely misses the orc.
The orc barely misses your wolf.
A hobgoblin comes into view.
Your wolf bites the orc.
Your wolf closely misses the orc.
An orc priest comes into view. It is wielding a +0 mace.
The orc hits your wolf with a +0 mace.
The orc priest closely misses your wolf.
The orc priest casts a cantrip, but nothing happens.
Your wolf bites the orc!
The orc dies!
Your wolf bites the orc priest.
The orc priest barely misses your wolf.
The orc priest invokes the aid of Beogh against you.
Beogh smites you!
You feel threatened and lose the ability to drink potions!
* * * LOW HITPOINT WARNING * * *
You hear an angry hiss.
Your wolf bites the orc priest but does no damage.
The orc hits your wolf with a +0 mace of venom.
Your wolf is poisoned.
The orc priest mumbles some strange prayers to Beogh against you.
Beogh smites you!
You die...

##.....#.....##...#
###⌠##
##.............####
.# #.
#...............###
.# ##
#..................
.. ..
#................##
##
#..................
#.....†...†.....###
#...............#
##............@##
##.....#.......#
#############).#
#h#


oo# ogo. oo.. ..... .... You could see 3 orc priests, an orc wizard, 2 orcs, a
hobgoblin and a friendly wolf (summoned, very poisoned).

Vanquished Creatures
  A jelly (D:4)
  An orc wizard (D:2)
  2 gnolls (D:3)
  An orc (D:2)
  3 ball pythons
  An endoplasm (D:1)
  3 quokkas
  6 bats
  2 frilled lizards
  5 goblins
  3 rats
28 creatures vanquished.

Vanquished Creatures (collateral kills)
  An ogre (D:3)
  A bullfrog (D:4)
  Jessica (D:3)
  An iguana (D:4)
  5 gnolls (D:3)
  3 adders
  An ufetubus (D:4)
  A worm (D:3)
  A dart slug (D:4)
  9 orcs
  4 ball pythons
  5 endoplasms
  A giant cockroach (D:4)
  5 goblins
  5 hobgoblins
  4 quokkas
  7 kobolds
  4 rats
59 creatures vanquished.

Vanquished Creatures (others)
  46 plants
46 creatures vanquished.

Grand Total: 133 creatures vanquished

Notes
Turn   | Place    | Note
-------+----------+-------------------------------------------
     0 | D:1      | Heoruswealwe the Deep Elf Summoner began the quest for the
                  | Orb.
     0 | D:1      | Reached XP level 1. HP: 10/10 MP: 6/6
   221 | D:1      | Reached XP level 2. HP: 5/15 MP: 5/8
   779 | D:1      | Found a faded altar of an unknown god.
   796 | D:1      | Prayed at the altar of an unknown god.
   796 | D:1      | Became a worshipper of Kikubaaqudgha
   796 | D:1      | Reached * piety under Kikubaaqudgha
   796 | D:1      | Received a gift from Kikubaaqudgha
   798 | D:1      | Fell from the grace of Kikubaaqudgha
  1145 | D:1      | Reached XP level 3. HP: 17/19 MP: 7/9
  1485 | D:2      | Reached skill level 1 in Conjurations
  1618 | D:2      | Found a sacrificial altar of Ru.
  1657 | D:2      | Reached XP level 4. HP: 23/24 MP: 8/10
  1661 | D:2      | Learned a level 3 spell: Call Canine Familiar
  2284 | D:3      | Noticed an ogre
  2297 | D:3      | Killed an ogre
  2298 | D:3      | Reached skill level 1 in Ranged Weapons
  2298 | D:3      | Reached skill level 1 in Hexes
  2298 | D:3      | Reached skill level 1 in Fire Magic
  2298 | D:3      | Reached skill level 1 in Poison Magic
  2298 | D:3      | Reached skill level 1 in Invocations
  2298 | D:3      | Reached skill level 1 in Evocations
  2298 | D:3      | Reached XP level 5. HP: 12/28 MP: 4/12
  2631 | D:3      | Reached skill level 1 in Ice Magic
  2806 | D:3      | Reached skill level 1 in Air Magic
  3366 | D:3      | Reached skill level 1 in Earth Magic
  3395 | D:3      | Noticed Jessica
  3403 | D:3      | Killed Jessica
  3404 | D:3      | Reached skill level 1 in Transmutations
  3404 | D:3      | Reached XP level 6. HP: 26/33 MP: 9/13
  3415 | D:3      | Found a sacrificial altar of Ru.
  3903 | D:2      | Learned a level 3 spell: Call Canine Familiar
  4042 | D:2      | Gained mutation: You occasionally lose the ability to drink
                  | potions when taking damage. [potion of mutation]
  4042 | D:2      | Gained mutation: You have a pair of small horns on your
                  | head. [potion of mutation]
  4042 | D:2      | Gained mutation: Your mind is acute. (Int +4, Str/Dex -1)
                  | [potion of mutation]
  4571 | D:4      | Reached skill level 5 in Summonings
  4571 | D:4      | Reached skill level 1 in Necromancy
  4571 | D:4      | Reached skill level 1 in Translocations
  4637 | D:4      | Found a shimmering altar of Xom.
  4698 | D:4      | Found a shimmering altar of Xom.
  4699 | D:4      | Found a shimmering altar of Xom.
  4715 | D:4      | Found a shimmering altar of Xom.
  4718 | D:4      | Found a shimmering altar of Xom.
  4759 | D:4      | Found an ornate altar of the Wu Jian Council.
  4883 | D:4      | Killed from afar by an orc priest

Illustrated notes

Levels and vault maps discovered:
D:1:      nagdon_arrival_zigzag_paths, layout_loops_ring,
          hellmonk_ecumenical_altar_prayer_group
D:2:      layout_rooms, basic_altar, guppyfry_early_lair_pool
D:3:      minmay_wonky_spiral, layout_loops_corners, nicolae_ru_awakened_eye,
          serial_bayou, serial_bayou_shore_b, serial_bayou_pond_d,
          serial_bayou_pond_c, serial_bayou_shore_b, kennysheep_jessica_study
D:4:      layout_rooms, xom_redecorated, amcnicky_altar_gilded, serial_shops,
          nicolae_shop_temple_entry_statues_fountains

Skill      XL: |  1  2  3  4  5  6 |
---------------+-------------------+-----
Conjurations   | 1 |  1.6
Ranged Weapons | 1 |  1.4
Hexes          | 1 |  1.7
Fire Magic     | 1 |  1.3
Poison Magic   | 1 |  1.6
Invocations    | 1 |  1.4
Evocations     | 1 |  1.4
Ice Magic      | 1 |  1.3
Air Magic      | 1 |  1.1
Earth Magic    | 1 |  1.4
Stealth        | 3 |  3.1
Transmutations | 1 |  1.1
Summonings     | 5 |  5.1
Necromancy     | 1 |  1.1
Translocations | 1 |  1.1
Dodging        | 3 |  3.0
Spellcasting   | 4 |  4.0
Fighting       | |  0.8

Action                   |  1- 3 |  4- 6 || total
-------------------------+-------+-------++-------
Melee: Short sword       |   106 |   127 ||   233
       Punch             |       |     1 ||     1
       Dagger            |       |     3 ||     3
 Fire: Sling             |       |    28 ||    28
 Cast: Summon Small Mamm |    42 |     7 ||    49
       Call Canine Famil |       |    23 ||    23
Invok: Renounce Religion |     1 |       ||     1
  Use: Scroll            |       |     7 ||     7
       Potion            |       |     7 ||     7
 Stab: Sleeping          |       |     1 ||     1
Armor: Robe              |     7 |     9 ||    16
Dodge: Dodged            |    37 |    26 ||    63
